 Dungeon Crawl Stone Soup version 0.23-a0-181-g24f899a (webtiles) character file.

343 Gildeon the Conjurer (level 6, 0/32 HPs)
             Began as a Deep Elf Conjurer on Sept 19, 2018.
             Slain by an ogre
             ... wielding a +0 giant club
              (13 damage)
             ... on level 4 of the Dungeon.
             The game lasted 00:20:58 (3397 turns).

Gildeon the Conjurer (Deep Elf Conjurer)            Turns: 3397, Time: 00:20:59

Health: 0/32       AC:  6    Str:  5    XL:     6   Next: 31%
Magic:  8/15       EV: 15    Int: 22    God:
Gold:   191        SH:  0    Dex: 15    Spells: 1/15 levels left

rFire    + . .     SeeInvis .   o - staff of conjuration
rCold    x . .     Gourm    .   (no shield)
rNeg     . . .     Faith    .   a - +1 robe
rPois    .         Spirit   .   r - +0 helmet
rElec    .         Reflect  .   n - +1 cloak
rCorr    .         Harm     .   (no gloves)
MR       .....                  (no boots)
Stlth    +++.......             (no amulet)
HPRegen  0.10/turn              t - ring of fire
MPRegen  0.14/turn              (no ring)

@: no status effects
A: no striking features
a: no special abilities


You were on level 4 of the Dungeon.
You were hungry.

You visited 1 branch of the dungeon, and saw 4 of its levels.

You collected 191 gold pieces.

Inventory:

Hand Weapons
 h - a +1 dagger
Armour
 a - a +1 robe (worn)
 n - a +1 cloak (worn)
 p - a +1 leather armour of fire resistance
 r - a +0 helmet (worn)
Magical Staves
 o - an uncursed staff of conjuration (weapon)
Jewellery
 t - a ring of fire (left hand)
Wands
 d - a wand of paralysis (10)
Scrolls
 b - 2 scrolls of enchant armour
 f - a scroll of fear
 g - a scroll of blinking
 i - 2 scrolls of fog
 j - 2 scrolls of remove curse
 q - 2 scrolls of teleportation
Potions
 e - 2 potions of might
 k - 4 potions of curing
 l - a potion of resistance
 m - a potion of haste
 u - a potion of mutation {unknown}
Comestibles
 c - 8 rations
 s - 4 chunks of flesh


   Skills:
 + Level 4.6 Dodging
 + Level 4.8 Stealth
 - Level 5.0 Spellcasting
 + Level 5.6 Conjurations


You had one spell level left.
You knew the following spells:

 Your Spells              Type           Power        Failure   Level  Hunger
a - Magic Dart            Conj           ####         1%          1    None
b - Searing Ray           Conj           #####.       1%          2    None
c - Dazzling Spray        Conj/Hex       ####..       10%         3    ##.....
d - Iskenderun's Mystic   Conj           #####...     10%         4    ####...
e - Fulminant Prism       Conj/Hex       ####......   30%         4    ####...

Your spell library contained the following spells:

 Spells                   Type           Power        Failure   Level  Hunger
 Force Lance              Conj/Tloc      ####....     30%         4    ####...


Dungeon Overview and Level Annotations

Branches:
Dungeon (4/15)
 Temple: D:4-7

Altars:
Gozag
Ru
Xom


Message History

Confirm with . or Enter, or press ? or * to list all spells.
Aiming: Magic Dart (safe; 1% risk of failure)
Press: ? - help, Shift-Dir - straight line, f/p - ogre
Aim: an ogre, wielding a giant club (moderately wounded)
You feel a surge of power!
The magic dart hits the ogre.
The ogre is moderately wounded.
The ogre closely misses you.
Casting: Magic Dart (safe; 1% risk of failure)
Confirm with . or Enter, or press ? or * to list all spells.
Aiming: Searing Ray (safe; 1% risk of failure)
Press: ? - help, Shift-Dir - straight line, f/p - ogre
Aim: an ogre, wielding a giant club (moderately wounded)
You feel a surge of power!
The searing ray hits the ogre.
The ogre is severely wounded. (Press . to maintain the ray.)
The ogre hits you with a giant club!
The searing ray hits the ogre.
The ogre is almost dead.
The ogre hits you with a giant club!
You die...

.#######.#######.#
.........#
###.######
^#########
#........# .##
#...##.#.# ..#
#...##.# #.#
#......# #.#
#..##..#.# #..
#.%O.$...# ..#
#..@...### ..#
###.....# ..#
##...## #.# #.##
... .# #.# .# .# #


You could see an ogre.

Vanquished Creatures
  4 crimson imps (D:3)
  A worker ant (D:2)
  Ijyb (D:2)
  Robin (D:3)
  5 adders
  An adder skeleton (D:4)
  2 worms (D:2)
  3 dart slugs (D:1)
  2 leopard geckos
  An orc (D:2)
  9 bats
  A giant cockroach (D:1)
  22 goblins
  9 hobgoblins
  3 jackals (D:4)
  2 quokkas
  A ball python (D:2)
  6 frilled lizards
  6 kobolds
  5 rats
85 creatures vanquished.

Notes
Turn   | Place    | Note
-------+----------+-------------------------------------------
     0 | D:1      | Gildeon the Deep Elf Conjurer began the quest for the Orb.
     0 | D:1      | Reached XP level 1. HP: 10/10 MP: 6/6
   194 | D:1      | Reached XP level 2. HP: 15/15 MP: 2/8
   407 | D:1      | Learned a level 2 spell: Searing Ray
   552 | D:1      | Reached XP level 3. HP: 15/19 MP: 1/10
   557 | D:1      | Learned a level 3 spell: Dazzling Spray
  1197 | D:2      | Found an opulent altar of Gozag.
  1320 | D:2      | Reached XP level 4. HP: 16/24 MP: 0/12
  1326 | D:2      | Learned a level 4 spell: Iskenderun's Mystic Blast
  1460 | D:2      | Noticed Ijyb
  1462 | D:2      | Reached skill level 5 in Conjurations
  1480 | D:2      | Paralysed by Ijyb for 3 turns
  1496 | D:2      | Paralysed by Ijyb for 3 turns
  1510 | D:2      | Paralysed by Ijyb for 4 turns
  1517 | D:2      | Paralysed by Ijyb for 3 turns
  1522 | D:2      | Killed Ijyb
  1833 | D:2      | Reached XP level 5. HP: 22/28 MP: 6/13
  2223 | D:3      | Found a shimmering altar of Xom.
  2229 | D:3      | Noticed Robin
  2235 | D:3      | Killed Robin
  2875 | D:3      | Reached XP level 6. HP: 30/32 MP: 12/15
  2881 | D:3      | Learned a level 4 spell: Fulminant Prism
  2917 | D:3      | Reached skill level 5 in Spellcasting
  3022 | D:3      | Found a sacrificial altar of Ru.
  3397 | D:4      | Slain by an ogre

Vault maps used:
D:1:      scummos_arrival_forest
D:2:      kennysheep_the_goblin_king, nicolae_gozag_seed_capital,
          kennysheep_generic_room_2
D:3:      marbit_many_paths, led_xom_imps, uniq_robin
D:4:      old_standard_altar, minmay_temple_entry_overgrown, first_ration

Skill      XL: |  1  2  3  4  5  6 |
---------------+-------------------+-----
Stealth        | 3 4 |  4.8
Dodging        | 3 4 |  4.6
Spellcasting   | 4 5 |  5.0
Conjurations   | 5 |  5.6

Action                   |  1- 3 |  4- 6 || total
-------------------------+-------+-------++-------
Melee: Dagger            |    10 |    31 ||    41
       Staff             |       |    13 ||    13
 Cast: Magic Dart        |    78 |   113 ||   191
       Searing Ray       |     1 |     5 ||     6
  Use: Scroll            |     7 |     9 ||    16
 Stab: Sleeping          |     2 |     2 ||     4
  Eat: Chunk             |     1 |     6 ||     7
Armor: Robe              |    11 |    32 ||    43
Dodge: Dodged            |    16 |    53 ||    69

Table legend:
 A = Non-vault XP
 B = Vault XP
 C = Vault XP percentage of total XP
 D = Non-vault monster count
 E = Vault monster count
 F = Vault count percentage of total count
                 A         B        C        D         E       F
            +---------+---------+-------+---------+---------+-------
      Total |     212 |     278 |  56.7 |      62 |      23 |  27.1
            +---------+---------+-------+---------+---------+-------
        D:1 |      48 |       0 |   0.0 |      27 |       0 |   0.0
        D:2 |     103 |      46 |  30.9 |      23 |       8 |  25.8
        D:3 |      50 |     232 |  82.3 |       8 |      15 |  65.2
        D:4 |      11 |       0 |   0.0 |       4 |       0 |   0.0
            +---------+---------+-------+---------+---------+-------
